 Dungeon Crawl Stone Soup version 0.31.0-32-g396128a36d (webtiles) character file.

Game seed: 6466317817709729043

2 CaptainMV the Magician (level 1, 0/13 HPs)
             Began as a Demonspawn Wanderer on Apr 17, 2024.
             Slain by a giant cockroach (2 damage)
             ... on level 1 of the Dungeon.
             The game lasted 00:01:09 (35 turns).

CaptainMV the Magician (Demonspawn Wanderer)          Turns: 35, Time: 00:01:09

Health: 0/13       AC:  2    Str: 11    XL:     1   Next: 25%
Magic:  1/3        EV: 11    Int: 13    God:
Gold:   0          SH:  0    Dex: 12    Spells: 3/4 levels left

rFire   . . .        a - +0 dagger
rCold   . . .        (no shield)
rNeg    . . .        d - +0 robe
rPois   .            (no helmet)
rElec   .            (no cloak)
rCorr   .            (no gloves)
SInv    .            (no boots)
Will    .....        (no amulet)
Stlth   ++           (no ring)
HPRegen 0.22/turn    (no ring)
MPRegen 0.08/turn

%: no passive effects
@: no status effects
A: no striking features
a: no special abilities


You were on level 1 of the Dungeon.
You visited 1 branch of the dungeon, and saw 1 of its levels.

Inventory:

Hand Weapons
 a - a +0 dagger (weapon)
Missiles
 b - 9 boomerangs (quivered)
Armour
 d - a +0 robe (worn)
Potions
 c - a potion of lignification


   Skills:
 + Level 1.0 Throwing
 + Level 1.0 Dodging
 + Level 1.0 Stealth
 + Level 2.1 Spellcasting
 + Level 1.7 Translocations
 + Level 1.8 Ice Magic
 + Level 1.2 Invocations


You had 3 spell levels left.
You knew the following spells:

 Your Spells              Type           Power      Damage    Failure   Level
a - Freeze                Ice            24%        1d4       12%         1

Your spell library contained the following spells:

 Spells                   Type           Power      Damage    Failure   Level
 Apportation              Tloc           10%        N/A       12%         1
 Ozocubu's Armour         Ice            6%         N/A       34%         3
 Gell's Gravitas          Tloc           5%         N/A       36%         3
 Hailstorm                Conj/Ice       3%         3d5       45%         3


Dungeon Overview and Level Annotations

Branches:
Dungeon (1/15)

Altars:


Message History

The hobgoblin hits you but does no damage.
You closely miss the hobgoblin.
The hobgoblin is almost dead.
The hobgoblin hits you.
You hit the hobgoblin but do no damage.
The hobgoblin is almost dead.
The hobgoblin hits you.
You hit the hobgoblin.
You kill the hobgoblin!
A hobgoblin comes into view.
Found 12 gold pieces.
Found a stone staircase leading down.
The hobgoblin shouts!
A giant cockroach and a quokka come into view.
The hobgoblin barely misses you.
You hit the hobgoblin.
The hobgoblin is moderately wounded.
A giant cockroach comes into view.
The hobgoblin hits you but does no damage.
The quokka bites you. The quokka attacks as it pursues you!
The quokka closely misses you. The quokka attacks as it pursues you!
The quokka bites you.
* * * LOW HITPOINT WARNING * * *
The quokka misses you.
Casting: Freeze (safe; 12% risk of failure)
Confirm with . or Enter, or press ? or * to list all spells.
Aiming: Freeze (safe; 12% risk of failure)
Press: ? - help, Shift-Dir - straight line, f - quokka
Aim: a quokka You freeze the quokka.
The quokka is almost dead.
The quokka bites you.
* * * LOW HITPOINT WARNING * * *
You miss the quokka.
The quokka is almost dead.
The quokka barely misses you.
You hit the quokka.
You kill the quokka!
The giant cockroach bites you.
You die...

#. .B>###### ###. ..#
#.......# #.. ...##.#.#
#.......# #.# #.......#
#B$.....# #<## #.....#
#........ #..# #....#
#......^# ##.##
#....#####.......#
#..######....##.B.......#
##...##.†..#.@Bg##....###
##..........#### ....#
###.......## ....#
####..#.# ....# ######
....# ....#


You could see 2 giant cockroaches and a hobgoblin.

Vanquished Creatures
  A hobgoblin (D:1)
  A quokka (D:1)
  A frilled lizard (D:1)
3 creatures vanquished.

Notes
Turn   | Place    | Note
-------+----------+-------------------------------------------
     0 | D:1      | CaptainMV the Demonspawn Wanderer began the quest for the
                  | Orb.
     0 | D:1      | CaptainMV set off with the following items: a +0 dagger, 9
                  | boomerangs, a potion of lignification, a +0 robe; and the
                  | following spells available to memorise: Apportation,
                  | Freeze, Gell's Gravitas, Ozocubu's Armour, Hailstorm.
     0 | D:1      | Reached XP level 1. HP: 13/13 MP: 3/3
     2 | D:1      | Learned a level 1 spell: Freeze
    35 | D:1      | Slain by a giant cockroach

Illustrated notes

Levels and vault maps discovered:
D:1:      dpeg_arrival_round_b, layout_basic

Action                     || total
---------------------------++-------
  Melee: Dagger            ||     8
   Cast: Freeze            ||     4
 Armour: Robe              ||    11
  Dodge: Dodged            ||     5
